 Dungeon Crawl Stone Soup version 0.26-a0-540-g8a0c9464d7 (webtiles) character file.

Game seed: 12844325952104114566

2 vurker the Sneak (level 1, 0/18 HPs)
             Began as a Formicid Delver on Aug 24, 2020.
             Slain by an iguana (3 damage)
             ... on level 4 of the Dungeon.
             The game lasted 00:00:40 (177 turns).

vurker the Sneak (Formicid Delver)                   Turns: 177, Time: 00:00:41

Health: 0/18       AC:  3    Str: 16    XL:     1   Next: 44%
Magic:  1/1        EV:  9    Int:  9    God:
Gold:   36         SH:  7    Dex: 12    Spells: 0/0 levels left

rFire    . . .     SeeInvis +   a - +0 hand axe
rCold    . . .     Faith    .   f - +0 kite shield
rNeg     . . .     Spirit   .   b - +0 leather armour
rPois    .         Reflect  .   (helmet unavailable)
rElec    .         Harm     .   (no cloak)
rCorr    .                      (no gloves)
MR       .....                  (no boots)
Stlth    +++.......             (no amulet)
HPRegen  0.06/turn              h - ring of flight
MPRegen  0.07/turn              (no ring)

@: no status effects
A: permanent stasis, dig shafts and tunnels, four strong arms, antennae 3
a: Dig, Shaft Self, Evoke Flight


You were on level 4 of the Dungeon.
You visited 1 branch of the dungeon, and saw 2 of its levels.

You collected 36 gold pieces.

Inventory:

Hand Weapons
 a - a +0 hand axe (weapon)
Armour
 b - a +0 leather armour (worn)
 f - a +0 kite shield (worn)
   (You found it on level 5 of the Dungeon)
Jewellery
 h - a ring of flight (left hand)
   (You found it on level 5 of the Dungeon)
Wands
 v - a wand of digging (3)
 x - a wand of acid (5)
   (You found it on level 5 of the Dungeon)
Scrolls
 c - a scroll of fog
 d - a scroll of magic mapping
 e - a scroll of fear
Potions
 g - a potion of might {unknown}
 i - a potion of stabbing {unknown}


   Skills:
 + Level 3.3 Fighting
 * Level 2.1 Axes
 - Level 1.7 Dodging
 - Level 6.0 Stealth
 + Level 0.2 Shields


You couldn't memorise any spells.
You didn't know any spells.
Your spell library was empty.

Dungeon Overview and Level Annotations

Branches:
Dungeon (5/15)
 Temple: D:4-7

Altars:


Innate Abilities, Weirdness & Mutations

You cannot be hasted, slowed, berserked, paralysed or teleported.
You can dig through walls and to a lower floor.
Your four strong arms can wield two-handed weapons with a shield.
You have a pair of large antennae on your head. (SInv)


Message History

Found 4 gold pieces.
Found 9 gold pieces.
i - a viscous ruby potion You now have 32 gold pieces (gained 9).
You now have 36 gold pieces (gained 4).
You open the door.
There is an open door here.
You sense a monster nearby.
A leopard gecko comes into view.
A leopard gecko is nearby!
The leopard gecko bites you.
You barely miss the leopard gecko.
The leopard gecko closely misses you. x2
You slash the leopard gecko!
You kill the leopard gecko!
No target in view!
No target in view!
No target in view!
No target in view!
No target in view!
No target in view!
No target in view!
No target in view!
No target in view!
No target in view!
No target in view!
You sense a monster nearby.
Found 17 arrows.
An iguana comes into view.
The iguana hisses angrily.
An iguana is nearby!
There is an open door here.
You extend your mandibles.
You dig through the rock wall.
You retract your mandibles.
You hit the iguana but do no damage. The iguana bites you.
You hit the iguana but do no damage. You block the iguana's attack.
The iguana bites you!
Ouch! That really hurt!
* * * LOW HITPOINT WARNING * * *
You hit the iguana.
The iguana bites you but does no damage.
You barely miss the iguana. The iguana bites you.
* * * LOW HITPOINT WARNING * * *
You hit the iguana but do no damage. You block the iguana's attack.
You hit the iguana. The iguana closely misses you.
You block the iguana's attack.
You slash the iguana!
The iguana hisses menacingly.
The iguana bites you.
You die...

############## #####
.............######.....
...............#........
...............+........
..........l....#........
........###....#@.......
........##...##l....#...
#....#...#...######.#
#....#...#...# .#
'....+........ ..
#....#....##### #.
#....#....# #....#....#
#....#....#


You could see an iguana.

Vanquished Creatures
  A leopard gecko (D:4)
  A quokka skeleton (D:5)
2 creatures vanquished.

Notes
Turn   | Place    | Note
-------+----------+-------------------------------------------
     0 | D:5      | vurker the Formicid Delver began the quest for the Orb.
     0 | D:5      | Reached XP level 1. HP: 18/18 MP: 1/1
    61 | D:5      | Noticed a worker ant
   138 | D:4      | Noticed an iguana
   177 | D:4      | Slain by an iguana

Illustrated notes

Levels and vault maps discovered:
D:4:      layout_basic, minitemple, minmay_temple_entry_fiery,
          biasface_ghost_orc_armoury, minivault_25
D:5:      layout_rooms, okawaru_gym_becter

Action                   || total
-------------------------++-------
Melee: Hand axe          ||    10
 Abil: Dig               ||     1
Armor: Leather armour    ||     1
Dodge: Dodged            ||     3
Block: Kite shield       ||     3

Table legend: (Time is in decaauts)
 A = Elapsed time spent in this place.
 B = Non-inter-level travel time spent in this place.
 C = Inter-level travel time spent in this place.
 D = Time resting spent in this place.
 E = Time spent auto-exploring this place.
 F = Levels seen in this place.
 G = Mean time per level.
                   A        B        C        D        E       F      G
               +--------+--------+--------+--------+--------+-----+--------+
         Total |    179 |    179 |      0 |      0 |     96 |   2 |   89.5 |
       Dungeon |    179 |    179 |      0 |      0 |     96 |   2 |   89.5 |
               +--------+--------+--------+--------+--------+-----+--------+

Top non-repeatable levels by time:
     D:4: 109 daAuts
     D:5: 69 daAuts
